 Dungeon Crawl Stone Soup version 0.31-a0-845-g9abc20d24f (webtiles) character file.

Game seed: 9016475508407960119

5173 Pooter the Skirmisher (level 10, -11/136 HPs)
             Began as a Minotaur Berserker on Oct 1, 2023.
             Was a Priest of Trog.
             Mangled by an orc warrior
             ... wielding a +0 glaive
              (15 damage)
             ... in a bailey.
             The game lasted 00:48:14 (11005 turns).

Pooter the Skirmisher (Minotaur Berserker)         Turns: 11005, Time: 00:48:15

Health: -11/136    AC: 13    Str: 27    XL:     10   Next: 34%
Magic:  0/9        EV:  7    Int:  6    God:    Trog [***...]
Gold:   507        SH:  0    Dex: 10    Spells: 9/9 levels left

rFire   . . .        a - +3 dire flail
rCold   x . .        (shield currently unavailable)
rNeg    + + .        x - +0 plate armour
rPois   +            (helmet restricted)
rElec   +            A - scarf "Zooxky" {repulsion, rElec rC- Str+5}
rCorr   .            D - +0 pair of gloves
SInv    +            M - +0 pair of boots
Will    ++...        G - amulet of guardian spirit Stlth
                     P - ring of Befubagh {rPois rN+ Str-2 SInv}
HPRegen 1.42/turn    N - ring of positive energy
MPRegen 0.11/turn

%: repel missiles, guardian spirit
@: berserking, strong-willed (expiring), regenerating (expiring), very quick
A: horns 2, retaliatory headbutt
a: Renounce Religion, Berserk, Trog's Hand


You were in a bailey.
You worshipped Trog.
Trog was most pleased with you.
You visited 1 branch of the dungeon, and saw 9 of its levels.
You also visited: Sewer and Bailey.

You collected 507 gold pieces.

Inventory:

Hand Weapons
 a - a +3 dire flail (weapon)
   (You took it off a wight on level 6 of the Dungeon)
 b - a +3 arbalest
   (You took it off an orc in a bailey)
 H - a +0 sling
   (You found it on level 1 of the Dungeon)
 J - a +0 hand axe
 L - a +2 falchion of flaming
   (You took it off an orc on level 8 of the Dungeon)
Missiles
 c - 10 boomerangs (quivered)
 n - 43 poisoned darts
 Q - 87 stones
Armour
 k - a +0 buckler
   (You found it on level 3 of the Dungeon)
 x - a +0 plate armour (worn)
   (You took it off an orc warrior in a bailey)
 A - the scarf "Zooxky" (worn) {repulsion, rElec rC- Str+5}
   (You found it on level 4 of the Dungeon)

   Str+5:     It affects your strength (+5).
   rC-:       It makes you vulnerable to cold.
   rElec:     It insulates you from electricity.
 D - a +0 pair of gloves (worn)
   (You found it on level 5 of the Dungeon)
 M - a +0 pair of boots (worn)
   (You found it on level 8 of the Dungeon)
Jewellery
 G - an amulet of guardian spirit (around neck)
   (You found it on level 5 of the Dungeon)
 N - a ring of positive energy (right hand)
   (You found it on level 4 of the Dungeon)
 P - the ring of Befubagh (left hand) {rPois rN+ Str-2 SInv}
   (You found it on level 8 of the Dungeon)

   [ring of positive energy]

   Str-2:     It affects your strength (-2).
   rPois:     It protects you from poison rN+: It protects you from negative
   energy.
   SInv:      It lets you see invisible.
Wands
 f - a wand of flame (22)
   (You found it on level 3 of the Dungeon)
 j - a wand of quicksilver (7)
   (You found it on level 5 of the Dungeon)
 r - a wand of polymorph (1)
   (You took it off Robin on level 3 of the Dungeon)
 u - a wand of paralysis (4)
   (You found it on level 3 of the Dungeon)
Scrolls
 d - a scroll of fog
 i - a scroll of enchant weapon
 m - a scroll of poison {!r}
 s - a scroll of brand weapon {unknown}
 t - 3 scrolls of teleportation {@r4}
 w - 3 scrolls of immolation {!r}
 B - a scroll of vulnerability {unknown}
 C - a scroll of noise {unknown}
 K - a scroll of fear {unknown}
 O - a scroll of amnesia {unknown}
Potions
 e - 8 potions of might
 h - 3 potions of degeneration {unknown}
 l - 4 potions of haste {unknown}
 o - 4 potions of curing {@q1}
 p - 3 potions of resistance {unknown}
 q - 2 potions of heal wounds {unknown}
 v - a potion of berserk rage {unknown}
 y - 2 potions of enlightenment
 z - 2 potions of attraction {unknown}
 F - a potion of lignification {unknown}
 I - 3 potions of brilliance {unknown}


   Skills:
 + Level 9.1 Fighting
 - Level 10.3(11.1) Axes
 * Level 6.5(9.3) Maces & Flails
 * Level 10.5 Ranged Weapons
 - Level 2.4 Armour
 - Level 2.1 Dodging


You had 9 spell levels left.
You didn't know any spells.
Your spell library was empty.

Dungeon Overview and Level Annotations

Branches:
Dungeon (9/15) Zot: 26942  Temple (0/1) D:7             Orc (0/2) D:9
  Sewer (visited)          Bailey (1/1) Zot: 5093
   Lair: D:8-11

Altars:
Dithmenos
Fedhas
Hepliaklqana
Nemelex Xobeh
Qazlal
Trog
Uskayaw
Zin

Annotations:
D:6 1 runed translucent door, AzuretheShark's ghost, novice TrSh


Innate Abilities, Weirdness & Mutations

You have a pair of horns on your head.
You reflexively headbutt those who attack you in melee.


Message History

Press: ? - help, Shift-Dir - straight line, f/p - orc knight
Aim: an orc knight, wielding a +0 bardiche and wearing a +0 plate armour (strong, chance to affect: 31%)
The orc knight suddenly stops moving!
b - a +3 arbalest (weapon)
You shoot a bolt. The bolt hits the orc knight!
You shoot a bolt.
The bolt hits the orc knight but does no damage.
You shoot a bolt.
The bolt hits the orc knight but does no damage.
You shoot a bolt. The bolt hits the orc knight!
You shoot a bolt. The bolt hits the orc knight!!
The orc knight is poisoned.
The orc knight barely misses you.
The orc knight is engulfed in poison gas.
The orc knight looks even sicker.
The orc knight hits you from afar with a +0 glaive!!
You shoot a bolt. The bolt hits the orc knight!
You feel the effects of Trog's Hand fading.
The orc knight no longer looks unusually strong.
The orc knight is no longer paralysed.
The orc knight is engulfed in poison gas.
The orc knight looks even sicker.
The orc knight hits you but does no damage.
The orc knight hits you from afar with a +0 bardiche!!
* * * LOW MAGIC WARNING * * *
* * * LOW HITPOINT WARNING * * *
The orc knight looks as sick as possible!
The orc knight hits you from afar with a +0 glaive!
* * * LOW MAGIC WARNING * * *
* * * LOW HITPOINT WARNING * * *
The orc knight roars a battlecry!
The orc knight goes into a battle-frenzy!
a - a +3 dire flail (weapon)
The orc knight hits you from afar with a +0 glaive!
* * * LOW MAGIC WARNING * * *
* * * LOW HITPOINT WARNING * * *
The orc knight barely misses you.
A red film seems to cover your vision as you go berserk!
You feel yourself moving faster!
You feel mighty! The orc knight closely misses you. x2
You feel a strong urge to attack something.
The orc warrior no longer looks unusually strong.
There is an open door here.
You thump the orc knight!
The orc knight hits you with a +0 glaive!!
* * * LOW MAGIC WARNING * * *
* * * LOW HITPOINT WARNING * * *
The orc knight hits you with a +0 bardiche!
* * * LOW HITPOINT WARNING * * *
The orc warrior hits you from afar with a +0 glaive!
You die...

...≈≈.≈≈≈...#########...≈≈≈.≈≈...
...........##.......##......)....
..........##..#'#'#..##..........
..........#..##)#.##..#..........
.........##.#########.##.........
.........##.'[#).?#.'.##.........
.........##.###o8.###.##.........
.........##.')#oo○#)'.##.........
.........##.####@####.##.........
....)....##..##∩)∩##..#..........
.............##°''#..##..........
.............##°○.°.##...........
...≈≈)≈≈≈....##....##...≈≈≈.≈≈...
..≈≈#.##≈....#######....≈##.#≈≈..
..≈##.∩#≈...............≈#∩.##≈..
..≈#..................).)....#≈..
..≈##.##≈...............≈##.##≈..


You could see 2 orc knights and an orc warrior.

Vanquished Creatures
  The ghost of elongatedgoose the Covert, a novice SpBr (D:5)
  A hornet (D:7)
  A wraith (D:7)
  4 yaks (D:7)
  An acid dragon (D:9)
  Duvessa (D:4)
  2 sky beasts (D:7)
  2 ice beasts
  7 orc warriors (Bailey)
  2 ogres (D:6)
  2 centaurs
  4 kobold brigands (Sewer)
  2 phantoms
  5 bullfrogs
  3 scorpions
  4 necrophages (D:8)
  5 wights
  3 killer bees
  2 electric eels (D:8)
  3 howler monkeys
  A centaur zombie (D:8)
  3 hounds
  3 orc priests
  A sleepcap (D:6)
  A jelly (D:6)
  2 iguanas
  3 orc wizards
  Terence (D:3)
  Natasha (thrice) (D:4)
  A killer bee zombie (D:8)
  A howler monkey zombie (D:8)
  Robin (D:3)
  6 adders
  A white imp (D:6)
  An ufetubus (D:7)
  3 worms (D:3)
  A dart slug (D:5)
  40 orcs
  9 bats
  5 endoplasms
  5 giant cockroaches
  12 goblins
  3 hobgoblins (D:4)
  2 jackals (D:2)
  17 kobolds
  6 quokkas
  6 ball pythons
  4 frilled lizards
  2 goblin zombies (D:9)
  A hobgoblin zombie (D:9)
  4 orc zombies (D:9)
  10 rats
  A spectral hobgoblin (D:1)
215 creatures vanquished.

Notes
Turn   | Place    | Note
-------+----------+-------------------------------------------
     0 | D:1      | Pooter the Minotaur Berserker began the quest for the Orb.
     0 | D:1      | Reached XP level 1. HP: 19/19 MP: 0/0
   334 | D:1      | You fall into a shaft and drop 1 floor!
   380 | D:2      | Reached XP level 2. HP: 27/27 MP: 1/1
   398 | D:2      | Reached skill level 1 in Ranged Weapons
   445 | D:1      | Reached XP level 3. HP: 30/33 MP: 2/2
   486 | D:1      | Found a faded altar of an unknown god.
  1523 | D:3      | Noticed Terence
  1530 | D:3      | Killed Terence
  1531 | D:3      | Reached skill level 5 in Axes
  1531 | D:3      | Reached XP level 4. HP: 41/41 MP: 3/3
  1782 | D:3      | Found a glowing drain.
  1797 | Sewer    | Entered a sewer
  2437 | Sewer    | Reached ** piety under Trog
  2465 | Sewer    | Noticed a kobold brigand
  2475 | Sewer    | Killed a kobold brigand
  2476 | Sewer    | Reached XP level 5. HP: 47/47 MP: 4/4
  2847 | Sewer    | Reached skill level 5 in Fighting
  2847 | Sewer    | Reached XP level 6. HP: 56/56 MP: 5/5
  3218 | D:3      | Noticed Robin
  3232 | D:3      | Killed Robin
  3571 | D:4      | Noticed Natasha
  3574 | D:4      | Killed Natasha
  3575 | D:4      | Reached XP level 7. HP: 61/61 MP: 6/6
  3661 | D:4      | Found a bloodstained altar of Trog.
  3694 | D:4      | Noticed Natasha
  3704 | D:4      | Killed Natasha
  3741 | D:4      | Identified the ring of Sueklyan {rPois MP+9}
  3821 | D:4      | Found a glowing silver altar of Zin.
  3986 | D:4      | Noticed Natasha
  3997 | D:4      | Killed Natasha
  4114 | D:4      | Noticed Duvessa
  4114 | D:4      | Noticed Dowan
  4116 | D:4      | Dowan changed into Dowan the ice beast
  4116 | D:4      | Noticed Dowan
  4121 | D:4      | Killed Duvessa
  4122 | D:4      | Reached skill level 5 in Ranged Weapons
  4123 | D:4      | Killed Dowan the ice beast
  4327 | D:4      | Identified the scarf "Zooxky" {repulsion, rElec rC- Str+5}
  4404 | D:5      | Entered Level 5 of the Dungeon
  4634 | D:5      | Found a transporter.
  4644 | D:5      | Noticed elongatedgoose's ghost (novice SpBr)
  4647 | D:5      | Found a transporter.
  4950 | D:5      | Reached XP level 8. HP: 70/70 MP: 7/7
  5732 | D:5      | Upgraded the game from 0.31-a0-844-gdc52ec4e09 to
                  | 0.31-a0-845-g9abc20d24f
  5807 | D:5      | Killed elongatedgoose's ghost
  6234 | D:6      | Found a runed translucent door.
  6235 | D:6      | Noticed AzuretheShark's ghost (novice TrSh)
  6343 | D:6      | Found a stormy altar of Qazlal.
  6556 | D:6      | Found a sparkling altar of Nemelex Xobeh.
  6894 | D:6      | Found a hazy altar of Hepliaklqana.
  6998 | D:6      | Found a hide-covered altar of Uskayaw.
  6998 | D:6      | Found a shadowy altar of Dithmenos.
  7119 | D:6      | Reached XP level 9. HP: 79/79 MP: 8/8
  7623 | D:6      | Reached skill level 10 in Axes
  7888 | D:7      | Reached *** piety under Trog
  8082 | D:7      | Reached skill level 1 in Maces & Flails
  8347 | D:7      | Found a staircase to the Ecumenical Temple.
  9333 | D:8      | Reached skill level 5 in Maces & Flails
  9475 | D:8      | Reached XP level 10. HP: 90/90 MP: 9/9
  9491 | D:8      | Found a blossoming altar of Fedhas.
  9571 | D:8      | Identified the ring of Befubagh {rPois rN+ Str-2 SInv}
 10018 | D:8      | Reached skill level 10 in Ranged Weapons
 10099 | D:9      | Found a staircase to the Orcish Mines.
 10115 | D:9      | Found a flagged portal.
 10135 | Bailey   | Entered a bailey
 10991 | Bailey   | Noticed an orc knight
 10991 | Bailey   | Noticed an orc knight
 11005 | Bailey   | HP: 4/136 [orc knight/+0 bardiche (15)]
 11005 | Bailey   | Mangled by an orc warrior

Illustrated notes

Levels and vault maps discovered:
D:1:      dpeg_arrival_arbitrary_c, layout_loops_corners,
          dreamdust_ecumenical_altar_drowned_temple
D:2:      layout_rooms, minmay_misc_feat_diagonals
D:3:      layout_loops_ring, portal_sewer_entry_b, uniq_robin, uniq_terence
D:4:      layout_loops_cross, nicolae_overflow_hidden_temple,
          trog_three_pillars_becter, serial_aquarium,
          aquarium_bridge_island_small [aquarium_subvault_small_open,
          aquarium_subvault_wall, aquarium_subvault_bridge,
          aquarium_subvault_balcony, aquarium_subvault_bridge],
          aquarium_window_fake, aquarium_window_corner, aquarium_view_2d,
          aquarium_view_4, aquarium_pool_corner, uniq_natasha, uniq_duvessa
D:5:      layout_layer_cave, gammafunk_ghost_arena
D:6:      layout_gridville, mainiacjoe_overflow_alcove_1,
          nemelex_dance_club_becter, mainiacjoe_overflow_alcove_4,
          nicolae_overflow_two_pavilions, gammafunk_ghost_grave
D:7:      layout_basic, minmay_temple_entry_nine_rooms, grunt_ministairs_10
D:8:      layout_cave_pools, fedhas_altar_decomposition, nicolae_water_bricks
D:9:      layout_loops_ring, grunt_temple_overflow_cloverleaf,
          zombieorc2_lemuel, enter_bailey_5, minmay_crystal_water,
          minmay_statue_bubble
Bailey:   bailey_polearm_2, bailey

Skill      XL: |  1  2  3  4  5  6  7  8  9 10 |
---------------+-------------------------------+-----
Axes           | 4 5 6 8 9 10 | 10.3
Fighting       | 4 5 6 7 8 9 |  9.1
Ranged Weapons | 1 2 3 4 6 7 9 10 | 10.5
Maces & Flails | 5 6 |  6.5
Armour         | |  2.4
Dodging        | |  2.1

Action                     |  1- 3 |  4- 6 |  7- 9 | 10-12 || total
---------------------------+-------+-------+-------+-------++-------
  Melee: Hand axe          |    80 |    70 |   163 |       ||   313
         Headbutt          |    12 |     9 |    32 |     8 ||    61
         Punch             |     1 |       |       |       ||     1
         Dire flail        |       |       |    60 |    59 ||   119
   Fire: Sling             |    37 |    41 |    33 |       ||   111
         Shortbow          |       |       |    28 |       ||    28
         Orcbow            |       |       |    26 |     8 ||    34
         Arbalest          |       |       |       |    39 ||    39
  Throw: Dart              |       |       |    12 |       ||    12
 Invoke: Berserk           |     2 |     2 |    12 |     3 ||    19
         Trog's Hand       |       |     1 |     6 |     5 ||    12
  Evoke: Wand              |       |       |     2 |     4 ||     6
    Use: Scroll            |     3 |     3 |     3 |     3 ||    12
   Stab: Sleeping          |     1 |       |       |       ||     1
 Armour: Animal skin       |    18 |       |       |       ||    18
         Chain mail        |    52 |    54 |   182 |   117 ||   405
         Plate armour      |       |       |       |    18 ||    18
  Dodge: Dodged            |    54 |    35 |    94 |    78 ||   261
         Repelled          |       |       |     3 |     2 ||     5
  Block: Buckler           |       |    15 |    11 |       ||    26

Table legend: (Time is in decaauts)
 A = Elapsed time spent in this place.
 B = Non-inter-level travel time spent in this place.
 C = Inter-level travel time spent in this place.
 D = Time resting spent in this place.
 E = Time spent auto-exploring this place.
 F = Levels seen in this place.
 G = Mean time per level.
                   A        B        C        D        E       F      G
               +--------+--------+--------+--------+--------+-----+--------+
         Total |  11221 |  10904 |    317 |   3850 |   5055 |  11 | 1020.1 |
       Dungeon |   9052 |   8735 |    317 |   2368 |   4834 |   9 | 1005.8 |
         Sewer |   1263 |   1263 |      0 |    907 |    220 |   1 | 1263.0 |
        Bailey |    905 |    905 |      0 |    574 |      0 |   1 |  905.0 |
               +--------+--------+--------+--------+--------+-----+--------+

Top non-repeatable levels by time:
     D:6: 1592 daAuts
     D:7: 1513 daAuts
     D:5: 1459 daAuts
   Sewer: 1263 daAuts
     D:8: 1111 daAuts
     D:4: 1058 daAuts
     D:1: 984 daAuts
  Bailey: 905 daAuts
     D:3: 713 daAuts
     D:2: 561 daAuts
     D:9: 57 daAuts
